Map: Rorschach LE

Players

GreeNMaN

  • Race: Protoss Protoss
  • League: Diamond

Altik - Winner!

  • Race: Protoss Protoss
  • League: Diamond

VOD

Have the link to the VOD?

Description

Time

  • Played on: Aug. 5, 2026, 2:08 p.m.
  • Length: 2:39
Show
View Real Time Build Order
Export as new Build Order

GreeNMaN Protoss 

Build Orders:  

Get SALT Encoding   

  8  0:01  Probe (Chrono Boost)  
  9  0:11  Probe (Chrono Boost)  
  10  0:18  Probe  
  11  0:29  Pylon  
  11  0:32  Probe  
  12  0:44  Probe  
  13  0:58  Forge  
  13  1:23  Pylon  
  13  1:25  Pylon  
  13  1:27  Pylon  
  13  1:53  Photon Cannon  
  13  1:54  Pylon  
  13  1:55  Photon Cannon  
  13  2:09  Pylon  
  13  2:11  Pylon  
  13  2:15  Photon Cannon  
Show
View Real Time Build Order
Export as new Build Order

Altik Protoss - Winner!

Build Orders:  

Get SALT Encoding   

  8  0:00  Probe (Chrono Boost)  
  9  0:12  Probe (Chrono Boost)  
  10  0:19  Probe (Chrono Boost)  
  11  0:26  Probe  
  12  0:35  Pylon  
  12  0:38  Probe  
  13  0:53  Probe  
  13  0:56  Gateway  
  14  1:05  Probe (Chrono Boost)  
  14  1:08  Assimilator  
  15  1:17  Probe (Chrono Boost)  
  16  1:22  Probe (Chrono Boost)  
  17  1:43  Zealot  
  19  1:49  Cybernetics Core  
  19  1:52  Pylon  
Tags
 
Add a new tag
Caveats
  • Supply blocks, unpowered buildings, or Contaminate may cause inaccurate times.
  • Supply counts are checked every 10 seconds.